Map: Selva profunda EE

Players

MrFercho

  • Race: Zerg Zerg
  • Spawn Location: 7:00

tigro

  • Race: Terran Terran
  • League: Bronze
  • Spawn Location: 7:00

TATORREA

  • Race: Protoss Protoss
  • League: Silver
  • Spawn Location: 7:00

BaoserSBBH

  • Race: Zerg Zerg
  • Spawn Location: 1:00

Laser

  • Race: Protoss Protoss
  • Spawn Location: 1:00

HurricaneD

  • Race: Terran Terran
  • Spawn Location: 3:00

VOD

Have the link to the VOD?

Description

Time

  • Played on: June 11, 2020, 9:01 p.m.
  • Length: 12:56
Show
View Real Time Build Order
Export as new Build Order

MrFercho Zerg 

Build Orders: Hatch First 

Get SALT Encoding   

  12  0:06  Drone  
  13  0:21  Overlord  
  13  0:27  Drone  
  14  0:41  Drone  
  14  0:42  Drone  
  16  0:57  Overlord  
  16  0:58  Overlord  
  16  1:10  Hatchery  
  15  1:24  Drone x2  
  17  1:30  Spawning Pool  
  17  1:32  Drone  
  17  1:37  Drone  
  18  1:47  Drone  
  18  1:51  Extractor  
  18  1:59  Drone  
  19  2:10  Drone  
  20  2:20  Drone  
  20  2:22  Drone  
  22  2:23  Queen x2  
  26  2:30  Drone  
  26  2:32  Drone  
  28  2:41  Drone  
  28  2:43  Drone  
  30  2:47  Roach Warren  
  29  2:52  Drone  
  29  2:57  Drone  
  31  3:18  Lair  
  31  3:22  Queen  
  31  3:26  Drone x5  
  38  3:28  Extractor  
  38  3:29  Extractor  
  38  3:33  Metabolic Boost  
  36  3:35  Drone  
  36  3:37  Drone  
  36  3:39  Drone  
  39  3:44  Drone x3  
  39  3:47  Drone  
  44  3:48  Drone  
  44  3:54  Overlord x2  
  44  4:13  Drone x6  
  44  4:14  Drone  
  51  4:30  Overlord x2  
  51  4:31  Overlord  
  51  4:36  Hatchery  
  50  4:57  Drone x7  
  57  5:02  Drone  
  58  5:20  Roach x3  
  64  5:28  Spine Crawler  
  61  5:32  Overseer x3  
  61  5:47  Roach x3  
  61  5:48  Roach x5  
  77  6:01  Drone  
  77  6:02  Drone x3  
  77  6:03  Queen  
  83  6:45  Hydralisk Den  
  82  6:52  Evolution Chamber  
  81  6:55  Evolution Chamber  
  81  6:56  Glial Reconstitution  
  80  7:10  Extractor x2  
  78  7:20  Spore Crawler  
  78  7:21  Drone x3  
  80  7:27  Drone x3  
  83  7:30  Drone x2  
  83  7:31  Drone  
  83  7:33  Drone x3  
  89  7:38  Drone  
  89  7:41  Overlord x6  
  90  7:54  Extractor  
  90  7:58  Drone  
  90  8:00  Drone  
  90  8:01  Drone x2  
  93  8:07  Drone x2  
  93  8:08  Drone  
  93  8:12  Zerg Ground Armor Level 1, Zerg Missile Weapons Level 1  
  96  8:15  Grooved Spines  
  96  8:32  Spire  
  95  8:36  Infestation Pit  
  94  8:41  Spire  
  94  8:42  Overseer  
  94  8:45  Spore Crawler  
  94  8:47  Drone x3  
  95  8:49  Drone  
  95  8:50  Drone  
  95  8:52  Drone x11  
  108  9:01  Hatchery  
  107  9:06  Overlord  
  107  9:18  Spore Crawler  
  107  9:22  Spine Crawler  
  105  9:26  Muscular Augments  
  105  9:27  Drone x10  
  115  9:38  Extractor  
  115  9:39  Extractor  
  113  10:15  Hydralisk  
  113  10:16  Hydralisk x13  
  141  10:22  Overlord  
  141  10:41  Hydralisk x7  
  139  10:52  Hydralisk x6  
  133  11:06  Hydralisk x4, Spore Crawler  
  136  11:16  Hydralisk x2  
  136  11:17  Hydralisk x5  
  122  11:37  Hydralisk x5  
  122  11:38  Hydralisk x3  
  114  11:55  Hydralisk  
  114  11:56  Hydralisk x10  
  120  12:23  Drone x9  
  120  12:24  Hydralisk Den  
Show
View Real Time Build Order
Export as new Build Order

tigro Terran 

Build Orders:  

Get SALT Encoding   

  12  0:03  SCV  
  13  0:15  SCV  
  14  0:31  Supply Depot, Refinery  
  14  0:35  SCV  
  15  0:53  SCV  
  16  1:03  Barracks  
  16  1:44  SCV  
  17  1:47  Supply Depot  
  17  1:53  Marine  
  18  1:56  SCV  
  19  2:01  Refinery  
  19  2:08  SCV  
  20  2:10  Marine  
  21  2:16  Barracks  
  21  2:28  Marine, Engineering Bay  
  22  2:30  SCV  
  23  2:42  SCV  
  24  2:46  Marine  
  25  2:54  SCV  
  26  3:04  Marine, Factory  
  27  3:37  SCV  
  28  3:42  Barracks Tech Lab  
  28  3:43  Barracks Tech Lab  
  28  3:49  SCV  
  29  3:58  Starport, Factory Tech Lab  
  29  4:09  Combat Shield  
  29  4:12  Stimpack  
  29  4:18  Marine  
  29  4:19  Marine  
  31  4:31  Orbital Command  
  31  4:36  Starport  
  31  5:01  Marine x2  
  31  5:02  Medivac  
  35  5:19  Marine  
  36  5:22  Starport Tech Lab  
  36  5:28  Concussive Shells  
  36  5:35  Starport Tech Lab  
  36  5:56  Terran Infantry Weapons Level 1  
  36  5:57  Fusion Core  
  36  6:36  Command Center  
  36  6:39  Siege Tank  
  39  6:50  Marine  
  39  6:51  Marine  
  41  7:08  Marine x2  
  41  7:14  Armory  
  43  7:26  Marine x2  
  45  7:38  Missile Turret  
  45  7:43  Refinery  
  45  7:44  Marine x2  
  45  7:50  Terran Infantry Armor Level 1  
  47  7:58  Missile Turret  
  47  8:02  Refinery  
  47  8:06  SCV  
  48  8:18  SCV, Missile Turret  
  49  8:26  Weapon Refit  
  49  8:31  SCV  
  50  8:43  SCV  
  51  8:54  Missile Turret  
  51  8:55  SCV  
  52  9:05  Battlecruiser  
  52  9:07  SCV  
  59  9:27  Missile Turret  
  59  9:40  Supply Depot  
  59  9:44  Neosteel Armor  
  59  9:53  Planetary Fortress  
  59  10:02  Supply Depot  
  59  10:06  Rapid Reignition System, Missile Turret  
  59  10:25  Supply Depot  
  59  10:29  Missile Turret  
  29  10:46  Marine x2  
  31  10:50  Thor  
  37  11:04  Marine x2  
  38  11:22  Marine x2  
  38  11:24  Hi-Sec Auto Tracking  
  26  11:33  Thor  
  26  11:39  Battlecruiser  
  38  11:40  Marine x2  
  40  11:47  Medivac  
  42  11:57  Marine  
  42  11:58  Marine  
Show
View Real Time Build Order
Export as new Build Order

TATORREA Protoss 

Build Orders:  

Get SALT Encoding   

  12  0:04  Probe  
  13  0:30  Probe  
  14  0:48  Probe  
  15  0:54  Pylon  
  15  1:05  Assimilator  
  15  1:12  Probe  
  16  1:33  Probe  
  17  1:50  Probe  
  17  1:53  Gateway x2  
  18  1:56  Gateway  
  18  2:02  Probe  
  18  2:04  Pylon  
  18  2:08  Pylon  
  19  2:11  Pylon  
  19  2:23  Probe  
  20  2:31  Nexus  
  20  2:35  Probe  
  21  2:52  Cybernetics Core  
  21  2:53  Probe  
  21  2:56  Assimilator  
  22  3:02  Zealot  
  22  3:03  Zealot  
  26  3:10  Zealot  
  28  3:18  Warp Gate  
  28  3:23  Probe  
  29  3:35  Probe  
  30  3:45  Robotics Facility  
  30  3:47  Twilight Council  
  30  3:54  Probe x2  
  32  3:58  Stalker  
  34  4:02  Stalker  
  34  4:06  Probe  
  34  4:07  Probe  
  38  4:19  Stalker  
  41  4:24  Probe x2  
  42  4:33  Immortal  
  46  4:47  Probe x2  
  46  4:50  Charge  
  48  5:14  Stargate  
  48  5:48  Observer  
  49  5:59  Gateway  
  49  6:00  Gateway  
  49  6:02  Gateway  
  49  6:04  Gateway  
  49  6:05  Gateway  
  49  6:09  Gateway  
  49  6:12  Gateway  
  49  6:14  Probe x2  
  49  6:16  Gateway  
  51  6:19  Gateway  
  51  6:25  Pylon  
  51  6:26  Probe x2  
  51  6:27  Pylon  
  51  6:31  Stalker x2, Assimilator, Pylon  
  57  6:33  Assimilator  
  57  6:35  Pylon  
  57  7:14  Probe x2  
  59  7:26  Probe x2  
  61  7:37  Nexus  
  61  7:38  Probe x2  
  61  7:41  Pylon  
  63  7:47  Pylon  
  63  7:49  Stalker x4  
  63  7:50  Stalker  
  73  7:59  Phoenix  
  73  8:03  Pylon  
  75  8:07  Pylon  
  75  8:11  Pylon  
  75  8:17  Pylon  
  75  8:18  Stargate  
  75  8:23  Fleet Beacon  
  75  8:25  Robotics Bay, Probe x2  
  77  8:45  Phoenix  
  79  9:03  Protoss Air Weapons Level 1  
  79  9:04  Forge  
  79  9:05  Forge, Probe  
  79  9:06  Probe x2  
  79  9:08  Forge  
  82  9:11  Cybernetics Core  
  82  9:14  Assimilator  
  82  9:17  Probe  
  82  9:18  Assimilator, Probe x2  
  82  9:19  Phoenix  
  87  9:24  Phoenix  
  87  9:29  Probe  
  87  9:30  Probe x2, Anion Pulse-Crystals  
  92  9:50  Probe x3  
  95  10:02  Probe x3  
  98  10:42  Stalker x2, Pylon  
  102  10:43  Stalker x5  
  102  10:44  Stalker x2  
  102  10:45  Stalker x3  
  122  10:51  Pylon  
  122  10:54  Pylon  
  102  11:07  Pylon  
  102  11:08  Stalker  
  102  11:09  Stalker x3, Pylon  
  102  11:10  Stalker x2  
  98  11:12  Stalker x2  
  98  11:13  Stalker x2  
  98  11:15  Pylon  
  67  11:32  Stalker  
  61  11:33  Stalker x3  
  61  11:34  Stalker  
  61  11:36  Stalker  
  55  11:51  Stalker x3  
Show
View Real Time Build Order
Export as new Build Order

BaoserSBBH Zerg 

Build Orders: Hatch First 

Get SALT Encoding   

  12  0:01  Drone  
  13  0:12  Overlord  
  13  0:25  Drone  
  14  0:31  Drone x2  
  16  0:37  Drone  
  17  1:00  Hatchery  
  16  1:04  Drone  
  16  1:05  Drone  
  18  1:14  Spawning Pool  
  18  1:17  Extractor  
  16  1:29  Drone x2  
  18  1:38  Overlord  
  18  1:48  Drone  
  19  1:56  Drone  
  20  2:08  Zergling x2  
  21  2:10  Queen  
  21  2:13  Queen  
  21  2:14  Drone x2  
  27  2:26  Zergling x2  
  27  2:27  Zergling x2  
  29  2:47  Drone x4  
  33  2:55  Overlord  
  33  2:59  Drone  
  33  3:02  Queen  
  33  3:03  Hatchery  
  35  3:10  Lair  
  35  3:28  Drone x3  
  35  3:29  Drone x4  
  42  3:34  Extractor  
  42  3:37  Zergling x4  
  42  3:38  Extractor  
  42  3:45  Evolution Chamber  
  41  3:51  Drone  
  41  3:52  Drone x2  
  44  4:04  Metabolic Boost  
  44  4:09  Extractor  
  43  4:23  Drone x3  
  43  4:24  Drone x4  
  49  4:27  Spire  
  49  4:28  Overlord x2, Drone  
  50  4:46  Queen, Overlord  
  50  4:48  Drone x4  
  56  5:08  Drone x5  
  56  5:09  Drone x4  
  56  5:13  Zerg Ground Armor Level 1  
  65  5:34  Drone x2  
  65  5:35  Drone x6  
  73  5:37  Extractor  
  73  5:40  Extractor  
  73  5:42  Corruptor  
  71  5:44  Overlord x2  
  73  5:50  Hatchery  
  72  6:16  Corruptor x2  
  72  6:17  Corruptor x5  
  86  6:19  Overlord x3  
  86  6:38  Corruptor x3  
  92  6:40  Zergling x8  
  92  6:45  Baneling Nest  
  95  6:51  Spore Crawler  
  95  6:52  Overseer x2  
  94  6:55  Burrow  
  94  6:58  Spore Crawler  
  94  7:01  Zergling x8, Spore Crawler  
  94  7:02  Zergling x6  
  99  7:21  Drone x5  
  104  7:24  Corruptor  
  104  7:25  Corruptor x3  
  104  7:27  Overlord  
  112  7:34  Queen  
  112  7:35  Drone  
  115  7:42  Extractor  
  114  7:47  Corruptor x2  
  114  7:48  Corruptor  
  114  7:50  Zergling x2  
  121  7:51  Zergling x2  
  122  8:17  Corruptor  
  122  8:18  Corruptor x2  
  128  8:30  Extractor  
  128  8:32  Overlord x4  
  128  8:33  Overlord  
  127  8:39  Centrifical Hooks  
  127  8:40  Infestation Pit  
  127  8:41  Zerg Ground Armor Level 2  
  126  8:43  Zerg Flyer Armor Level 1  
  126  8:44  Corruptor  
  128  8:57  Corruptor x3  
  134  9:06  Corruptor x2  
  138  9:12  Drone  
  138  9:13  Drone x7  
  138  9:16  Drone x2  
  148  9:18  Drone  
  149  9:35  Drone x4  
  149  9:36  Corruptor, Drone x2  
  158  9:38  Drone x3  
  158  9:43  Hive  
  160  9:50  Evolution Chamber  
  159  10:06  Corruptor x3  
  165  10:07  Overlord  
  165  10:12  Hatchery  
  161  10:44  Corruptor x3  
  161  10:45  Corruptor x4  
  162  11:04  Zergling x10  
  167  11:20  Greater Spire  
  167  11:25  Corruptor x3  
  169  11:26  Overlord x3  
  169  11:27  Overlord x3  
  169  11:32  Zergling x4  
  174  11:55  Zergling x2  
  174  11:56  Zergling x14  
  174  11:57  Zergling x14  
  174  11:58  Zergling x10  
  191  12:17  Zergling x6  
  191  12:18  Zergling x10  
Show
View Real Time Build Order
Export as new Build Order

Laser Protoss 

Build Orders: 1 Gate Expand 

Get SALT Encoding   

  12  0:01  Probe  
  13  0:13  Probe  
  14  0:26  Pylon  
  14  0:28  Probe  
  15  0:44  Probe  
  15  0:47  Gateway  
  16  0:52  Probe  
  16  0:53  Assimilator  
  17  1:00  Probe  
  17  1:10  Probe  
  19  1:32  Nexus  
  18  1:34  Probe  
  19  1:47  Cybernetics Core  
  19  1:49  Probe  
  19  1:52  Assimilator  
  20  2:00  Pylon  
  20  2:04  Probe  
  21  2:12  Probe  
  21  2:20  Probe  
  23  2:34  Warp Gate  
  23  2:35  Robotics Facility  
  23  2:38  Gateway  
  23  2:46  Pylon, Probe x2  
  25  2:54  Probe  
  25  3:03  Probe  
  25  3:04  Probe  
  27  3:10  Gateway  
  28  3:18  Forge  
  28  3:22  Probe  
  29  3:31  Probe  
  30  3:34  Probe  
  30  3:37  Pylon  
  30  3:41  Observer  
  32  3:43  Probe  
  32  3:46  Probe  
  34  3:48  Pylon  
  34  3:51  Probe  
  35  3:58  Probe  
  35  3:59  Probe  
  36  4:05  Observer  
  36  4:09  Probe  
  38  4:10  Probe  
  38  4:15  Protoss Ground Weapons Level 1  
  40  4:24  Gateway  
  40  4:25  Gateway  
  40  4:26  Observer  
  40  4:27  Gateway  
  41  4:37  Probe  
  42  4:41  Gateway  
  42  4:44  Photon Cannon  
  42  4:46  Photon Cannon  
  42  4:49  Stalker x2, Probe  
  47  5:05  Probe  
  48  5:12  Assimilator  
  48  5:15  Assimilator  
  48  5:17  Gateway  
  48  5:19  Gateway  
  48  5:21  Gateway  
  48  5:23  Pylon  
  48  5:37  Probe  
  49  5:44  Stalker x3  
  49  5:45  Stalker x2  
  49  5:49  Probe  
  60  5:51  Twilight Council  
  60  6:00  Forge  
  60  6:01  Probe  
  61  6:19  Observer  
  61  6:28  Protoss Ground Weapons Level 2  
  61  6:37  Protoss Ground Armor Level 1  
  61  6:39  Warp Prism  
  61  6:40  Stalker x2  
  61  6:41  Stalker x2  
  61  6:42  Stalker, Nexus  
  73  6:55  Stalker x2  
  77  7:07  Pylon  
  77  7:09  Pylon  
  77  7:11  Pylon  
  77  7:13  Pylon, Blink  
  77  7:17  Pylon  
  77  7:28  Probe  
  77  7:36  Probe  
  78  7:37  Stalker x2  
  78  7:38  Stalker x2  
  87  7:46  Probe  
  87  7:51  Immortal  
  92  7:56  Assimilator  
  92  7:58  Probe  
  93  7:59  Assimilator  
  93  8:01  Pylon  
  93  8:04  Probe  
  94  8:10  Probe  
  94  8:12  Stalker  
  97  8:16  Probe  
  98  8:22  Probe  
  99  8:27  Protoss Ground Armor Level 2  
  99  8:28  Probe  
  100  8:40  Stalker x6  
  100  8:41  Stalker x2  
  116  8:48  Probe  
  116  8:50  Protoss Ground Weapons Level 3  
  116  8:51  Probe x2  
  119  8:56  Probe  
  120  9:03  Probe x2  
  120  9:07  Immortal  
  120  9:08  Probe  
  126  9:15  Probe  
  126  9:16  Probe  
  129  9:26  Probe  
  129  9:29  Stalker x2  
  129  9:30  Stalker x3  
  141  9:38  Probe  
  141  9:58  Pylon  
  141  10:00  Pylon  
  141  10:02  Gateway, Pylon  
  141  10:03  Gateway  
  141  10:04  Pylon  
  141  10:06  Gateway  
  141  10:16  Probe  
  141  10:17  Stalker x2  
  141  10:18  Stalker x4  
  141  10:21  Stalker  
  156  10:28  Probe  
  155  10:40  Probe  
  152  10:53  Probe  
  135  11:05  Stalker x6  
  135  11:06  Stalker x3  
  135  11:07  Stalker  
  143  11:16  Probe  
  136  11:28  Probe  
  136  11:29  Probe  
  138  11:34  Stalker x2  
  142  11:41  Probe x2  
  142  11:47  Nexus  
  144  11:53  Probe x2  
  146  11:54  Nexus  
  145  12:02  Stalker x5  
  145  12:03  Stalker x3  
  145  12:05  Probe  
  162  12:18  Probe  
  161  12:29  Stalker x3  
  164  12:30  Stalker  
Show
View Real Time Build Order
Export as new Build Order

HurricaneD Terran 

Build Orders:  

Get SALT Encoding   

  12  0:01  SCV  
  13  0:13  SCV  
  14  0:18  Supply Depot  
  14  0:31  SCV  
  15  0:43  Barracks, SCV  
  16  0:54  Refinery  
  16  0:55  SCV  
  17  1:19  SCV  
  18  1:33  Command Center  
  18  1:36  Orbital Command  
  18  1:39  Marine  
  19  1:48  Supply Depot  
  19  1:57  Refinery  
  19  2:02  Marine  
  19  2:03  SCV  
  21  2:17  Factory  
  21  2:31  SCV  
  22  2:45  Orbital Command  
  22  2:54  Barracks  
  22  2:59  Barracks  
  22  3:04  Barracks Reactor, Supply Depot, Factory Tech Lab  
  22  3:14  SCV  
  22  3:18  Orbital Command  
  23  3:26  SCV  
  24  3:35  Starport  
  24  3:39  SCV  
  24  3:40  Siege Tank  
  28  3:48  SCV  
  29  3:51  SCV  
  30  4:06  Supply Depot  
  30  4:08  Supply Depot, Barracks Tech Lab x2  
  30  4:11  Starport Reactor  
  30  4:14  Marine  
  30  4:15  Marine  
  32  4:23  SCV  
  32  4:24  SCV  
  34  4:31  Engineering Bay  
  34  4:33  Marauder  
  34  4:34  Marine  
  34  4:37  SCV x2  
  39  4:39  Marauder  
  39  4:40  Marine  
  42  4:53  Supply Depot  
  42  4:54  Supply Depot  
  42  4:56  SCV x2  
  44  5:01  Marauder  
  44  5:03  Marauder  
  44  5:06  Stimpack  
  48  5:08  SCV x2  
  48  5:09  Combat Shield  
  50  5:15  Marine  
  50  5:17  Marine  
  50  5:20  SCV x2  
  54  5:22  Medivac  
  54  5:25  Viking  
  54  5:27  Marine  
  54  5:28  Marine  
  60  5:32  SCV x2  
  62  5:38  Supply Depot  
  62  5:40  Marine  
  62  5:41  Supply Depot, Marine  
  64  5:45  Siege Tank  
  64  5:47  Marauder  
  69  5:50  Terran Infantry Weapons Level 1  
  69  5:57  Marine  
  69  5:58  Armory, Marine  
  69  5:59  Marine  
  69  6:01  SCV  
  74  6:04  SCV  
  74  6:08  Supply Depot  
  74  6:10  Supply Depot, Marine  
  75  6:24  Command Center  
  75  6:25  Refinery  
  75  6:28  Refinery  
  75  6:30  Marine  
  75  6:31  Marine x2  
  78  6:33  Marine  
  78  6:39  Engineering Bay  
  79  6:42  Supply Depot  
  79  6:45  Supply Depot  
  79  6:56  Barracks  
  79  6:58  Barracks  
  79  7:02  Barracks  
  79  7:08  Marine x2  
  79  7:09  Marauder  
  79  7:10  Marauder, SCV  
  79  7:11  SCV  
  87  7:16  Siege Tank  
  87  7:22  Viking  
  92  7:27  Medivac  
  92  7:28  Marine  
  95  7:30  SCV  
  95  7:31  SCV  
  97  7:37  Orbital Command  
  97  7:51  Barracks Tech Lab  
  97  7:52  Barracks Reactor, Viking, Barracks Tech Lab  
  97  7:54  Marauder  
  97  7:55  Marauder  
  97  7:57  Medivac, SCV x2  
  107  8:09  SCV  
  108  8:21  Orbital Command  
  108  8:33  Marauder x3  
  108  8:34  Marauder, Marine x2  
  116  8:35  Marine x2  
  116  8:37  Terran Infantry Weapons Level 2  
  116  8:38  Terran Infantry Armor Level 1  
  120  8:48  Supply Depot  
  120  8:51  Supply Depot  
  120  8:52  Marine  
  120  8:54  Marauder, Marine x2  
  120  8:55  Marauder x2, Marine  
  130  8:56  SCV  
  130  8:58  Refinery  
  130  9:00  Refinery  
  131  9:04  SCV x2  
  131  9:07  Marine  
  134  9:10  Marine  
  134  9:12  Marine  
  134  9:14  Marine x2  
  134  9:15  Marine x2  
  134  9:16  Marine, SCV x3  
  144  9:19  Supply Depot  
  144  9:25  Marine  
  144  9:28  SCV x2  
  147  9:41  SCV x3  
  150  9:47  Supply Depot  
  150  9:51  Supply Depot  
  150  9:53  SCV  
  151  10:01  Marauder x4, Marine x2  
  151  10:02  Marine x2  
  151  10:03  Siege Tank  
  166  10:10  Factory  
  166  10:11  Starport, Fusion Core  
  166  10:14  Ghost Academy  
  166  10:22  Marauder  
  166  10:24  Barracks  
  166  10:26  Barracks  
  168  10:29  Marauder x2, Marine x3  
  175  10:53  Starport Tech Lab  
  175  10:54  Factory Tech Lab  
  172  11:19  Barracks Reactor  
  172  11:20  Barracks Reactor  
  172  11:24  Barracks Tech Lab  
  170  11:26  Marauder x4  
  170  11:27  Marine x4  
  170  11:29  Medivac x2  
  182  11:36  Command Center  
  182  11:37  Refinery  
  182  11:38  Refinery  
  182  11:44  Marauder, Marine x2  
  182  11:45  Marine x2  
  187  11:47  Marauder  
  186  12:12  Marauder  
  188  12:16  Marauder  
  188  12:17  Supply Depot  
  188  12:18  Supply Depot  
  189  12:31  Marauder  
  189  12:33  Marauder  
Tags
 
Add a new tag
Caveats
  • Supply blocks, unpowered buildings, or Contaminate may cause inaccurate times.
  • Supply counts are checked every 10 seconds.